 Dungeon Crawl Stone Soup version 0.14-a0-1626-g054e7ae (webtiles) character file.

10575 4tharraofdagon the Conjurer (level 11, -6/61 HPs)
             Began as a Tengu Fire Elementalist on Dec 25, 2013.
             Was an Elder of Vehumet.
             Shot with an arrow by a centaur (13 damage)
             ... on Level 11 of the Dungeon.
             The game lasted 00:44:02 (5219 turns).

4tharraofdagon the Conjurer (TeFE)                  Turns: 5219, Time: 00:44:02

HP  -6/61        AC  5     Str  8      XL: 11   Next: 51%
MP  12/28        EV 12     Int 20      God: Vehumet [****..]
Gold 841         SH  0     Dex 14      Spells:  4 memorised, 11 levels left

rFire  + . .     SeeInvis .     x - +2,-3 whip (flame)
rCold  + . .     Clarity  .     H - +1 robe {rC+}
rNeg   . . .     Conserve .     (no shield)
rPois  .         rCorr    .     T - +1 wizard hat
rElec  .         rRot     .     (no cloak)
SustAb . .       Spirit   .     e - +0 pair of gloves
rMut   .         Warding  .     (boots unavailable)
Gourm  +         Stasis   .     r - amulet of the gourmand
                                h - ring of protection from fire
                                j - ring of protection from magic

@: quite resistant to hostile enchantments, fairly stealthy
A: able to fly, beak, talons 3
a: Fly, Renounce Religion


You were on level 11 of the Dungeon.
You worshipped Vehumet.
Vehumet was greatly pleased with you.
You were full.

You visited 2 branches of the dungeon, and saw 13 of its levels.
You also visited: Ossuary and Bailey.

You collected 841 gold pieces.

Inventory:

Hand weapons
 f - a +0,+0 spear
 m - a +0,+1 bow
 o - a +0 blowgun
 s - a +0 blowgun
 x - a +2,-3 whip of flaming (weapon)
 C - a +0,+3 flail of distortion
 S - a +1 blowgun
Missiles
 t - 27 poisoned needles
 R - 7 curare-tipped needles
Armour
 a - a +0 robe
 e - a +0 pair of gloves (worn)
 w - the +0 robe of Grot {Acc+4}
   (You found it on level 5 of the Dungeon)

   It affects your accuracy (+4).
 y - a +2 elven robe of magic resistance
 H - a +1 robe of cold resistance (worn)
 T - a +1 wizard hat (worn)
Magical devices
 B - a wand of cold (0)
 F - a wand of lightning (0)
 J - a wand of magic darts (9)
 L - a wand of confusion (11)
 O - a wand of fire (0)
 P - a wand of paralysis (11)
Comestibles
 c - 9 bread rations
 g - 4 meat rations
 E - 2 apples
Scrolls
 k - 4 scrolls of remove curse {unknown}
 l - 4 scrolls of immolation
 n - 2 scrolls of amnesia
 q - 3 scrolls of teleportation
 u - a scroll of curse jewellery {unknown}
 A - 2 scrolls of random uselessness {unknown}
 I - a scroll of fear {unknown}
 K - a scroll of silence {unknown}
 M - 2 scrolls of curse weapon {unknown}
Jewellery
 h - a ring of protection from fire (right hand)
 j - a ring of protection from magic (left hand)
 p - a +2 ring of dexterity
 r - an amulet of the gourmand (around neck)
 D - an uncursed ring of flight
Potions
 d - 3 potions of heal wounds {unknown}
 i - a potion of agility {unknown}
 v - 2 potions of restore abilities {unknown}
 z - a potion of poison {unknown}
 G - a potion of decay {unknown}
 N - a potion of speed {unknown}
 Q - a potion of might {unknown}
Books
 b - a book of Flames

   Spells                             Type                      Level
   *Flame Tongue                      Conjuration/Fire             1
   Throw Flame                        Conjuration/Fire             2
   *Conjure Flame                     Conjuration/Fire             3
   Inner Flame                        Hexes/Fire                   3
   *Sticky Flame                      Conjuration/Fire             4
   *Fireball                          Conjuration/Fire             5
Miscellaneous
 U - a phial of floods


   Skills:
 + Level 4.0 Fighting
 - Level 2.1 Dodging
 - Level 2.0 Stealth
 + Level 7.4 Spellcasting
 * Level 13.7 Conjurations
 * Level 12.1 Fire Magic


You had 11 spell levels left.
You knew the following spells:

 Your Spells              Type           Power        Failure   Level  Hunger
a - Flame Tongue          Conj/Fire      #####        1%          1    None
b - Conjure Flame         Conj/Fire      ######..     1%          3    #......
c - Sticky Flame          Conj/Fire      ######..     1%          4    ###....
d - Fireball              Conj/Fire      ######....   1%          5    #####..


Dungeon Overview and Level Annotations

Branches:
Dungeon (12/16)            Temple (1/1) D:7             Orc (0/4) D:10
   Lair: D:8-11

Altars:
Ashenzari
Cheibriados
Elyvilon
Fedhas
Kikubaaqudgha
Makhleb
Nemelex Xobeh
Okawaru
Trog
Vehumet
Xom
Yredelemnul
Zin
the Shining One


Innate Abilities, Weirdness & Mutations

You can fly.
You have a beak for a mouth.
You have claws for feet.


Message History

Press: ? - help, Shift-Dir - straight line The fireball explodes!
The fireball engulfs the reindeer.
You kill the reindeer!
Vehumet accepts your kill.
You feel your power returning.
The fireball engulfs the reindeer.
The reindeer is moderately wounded.
The fireball engulfs the reindeer.
You kill the reindeer!
Vehumet accepts your kill.
Your Fighting skill increases to level 4!
The centaur shoots an arrow.
The arrow misses you.
The centaur shoots an arrow.
The arrow hits you!
The centaur wields a bow.
The centaur shoots an arrow.
The arrow hits you!
* * * LOW HITPOINT WARNING * * *
Read which item? (? for menu, Esc to quit)
Okay, then.
Drink which item? (? for menu, Esc to quit)
Okay, then.
The centaur shoots an arrow.
The arrow hits you!
You die...

...........#.#..
....5.%.............
......5.............
.....c..............
...c.c...c..........
.....cc...#........#
♣...c...c.#......###
♣♣......c...>......#
.♣..(....##c....@..#
♣♣...(.....Y%..s#.##
♣....((...FY%Y#......#
......§....YY.##......#
...........Z... .....##
♣#..........YFY .....#
.♣...........#.Y.....#
♣♣.#.#.....[.Y .....
♣♣.#####..... . #...


You could see 5 reindeers, a giant frog, 3 centaurs, a giant centipede and a
hill giant skeleton.

Vanquished Creatures
  The ghost of bronies4ever the Cleaver, a powerful FoHu of Ashenzari (D:9)
  Pikel (D:5)
  3 octopodes (D:10)
  A two-headed ogre (D:9)
  A spriggan (D:7)
  Sonja (D:10)
  A hydra skeleton (D:10)
  9 reindeers
  A necrophage (D:9)
  Eustachio (D:6)
  3 humans (D:10)
  2 hill giant skeletons
  2 hungry ghosts
  Edmund (D:7)
  A hippogriff (D:7)
  5 orc warriors
  A slave (D:5)
  2 ice beasts
  3 ogres
  3 phantoms
  3 centaurs
  Satan Claus (D:7)
  Duvessa (D:7)
  A water moccasin (D:5)
  2 giant frogs
  A gnoll sergeant (D:7)
  A troll zombie (D:9)
  A reindeer zombie (D:12)
  An eye of draining (D:8)
  6 jellies
  A reindeer skeleton (D:11)
  5 wights (D:8)
  2 goliath beetles
  3 jellyfish (D:10)
  An electric eel (D:10)
  13 killer bees
  Dowan (D:7)
  A hound (D:5)
  3 crimson imps
  2 orc priests
  2 giant frog skeletons
  3 iguanas
  2 orc wizards (D:10)
  4 worker ants
  A scorpion (D:10)
  Ijyb (D:5)
  A hound zombie (D:7)
  6 gnolls
  8 adders
  3 giant centipedes
  A worm zombie (D:5)
  An inept feature mimic (D:3)
  6 worms
  A giant centipede zombie (D:6)
  2 oozes (D:7)
  21 orcs
  5 goblins
  12 hobgoblins
  8 jackals
  7 quokkas
  A ball python (D:7)
  3 bats
  A giant cockroach (D:3)
  A giant gecko (D:9)
  2 giant newts
  3 hobgoblin skeletons
  23 kobolds
  A kobold skeleton (D:7)
  A kobold zombie (D:8)
  8 rats
  A rat skeleton (D:8)
233 creatures vanquished.

Notes
Turn   | Place    | Note
--------------------------------------------------------------
     0 | D:1      | 4tharraofdagon, the Tengu Fire Elementalist, began the quest for the Orb.
     0 | D:1      | Reached XP level 1. HP: 10/10 MP: 3/3
    61 | D:2      | Reached XP level 2. HP: 12/15 MP: 0/5
   311 | D:2      | Found a basalt altar of Yredelemnul.
   450 | D:3      | Reached XP level 3. HP: 19/19 MP: 1/7
   455 | D:3      | Learned a level 3 spell: Conjure Flame
   503 | D:3      | Reached skill level 4 in Fire Magic
   806 | D:4      | Reached XP level 4. HP: 18/24 MP: 0/8
   883 | D:5      | Entered Level 5 of the Dungeon
   983 | D:5      | Learned a level 4 spell: Sticky Flame
   983 | D:5      | Noticed a phantom
   992 | D:5      | Killed a phantom
   992 | D:5      | Reached skill level 5 in Fire Magic
   992 | D:5      | Reached XP level 5. HP: 19/28 MP: 3/11
  1045 | D:5      | Noticed a phantom
  1066 | D:5      | Killed a phantom
  1066 | D:5      | Reached skill level 5 in Conjurations
  1066 | D:5      | Reached XP level 6. HP: 19/32 MP: 2/14
  1076 | D:5      | Found a bloodstained altar of Trog.
  1224 | D:5      | Noticed a slave
  1225 | D:5      | Noticed a slave
  1226 | D:5      | Noticed Pikel
  1226 | D:5      | Noticed a slave
  1239 | D:5      | Noticed a slave
  1249 | D:5      | Killed a slave
  1299 | D:5      | Noticed a water moccasin
  1533 | D:6      | Reached skill level 6 in Conjurations
  1557 | D:6      | Found a sand-covered staircase.
  1581 | Ossuary  | Entered an ossuary
  1643 | D:6      | Reached XP level 7. HP: 20/36 MP: 5/16
  1647 | D:6      | Noticed Eustachio
  1754 | D:5      | Noticed Ijyb
  1784 | D:5      | Killed Ijyb
  1858 | D:5      | Got a crude robe
  1865 | D:5      | Killed a water moccasin
  1871 | D:5      | Identified the +0 robe of Grot {Acc+4} (You found it on level 5 of the Dungeon)
  1964 | D:5      | Killed Pikel
  1964 | D:5      | Reached skill level 8 in Conjurations
  1964 | D:5      | Reached XP level 8. HP: 38/41 MP: 6/20
  1990 | D:5      | Learned a level 5 spell: Fireball
  2075 | D:6      | Killed Eustachio
  2097 | D:7      | Noticed Edmund
  2166 | D:7      | Noticed Duvessa
  2166 | D:7      | Noticed Dowan
  2175 | D:7      | Killed Dowan
  2178 | D:7      | Killed Duvessa
  2186 | D:7      | Noticed Satan Claus
  2365 | D:7      | Noticed a spriggan baker
  2370 | D:7      | Killed a spriggan baker
  2370 | D:7      | Reached skill level 9 in Conjurations
  2396 | D:7      | Killed Satan Claus
  2396 | D:7      | Reached XP level 9. HP: 15/45 MP: 0/22
  2534 | D:7      | Found a staircase to the Ecumenical Temple.
  2542 | Temple   | Entered the Ecumenical Temple
  2566 | Temple   | Became a worshipper of Vehumet
  2673 | D:7      | Killed Edmund
  2673 | D:7      | Reached skill level 5 in Spellcasting
  2717 | D:7      | Found a flagged portal.
  2747 | Bailey   | Entered a bailey
  2914 | Bailey   | Acquired Vehumet's first power
  2914 | Bailey   | Offered knowledge of Sting by Vehumet.
  2915 | Bailey   | #1
  2958 | Bailey   | Reached skill level 10 in Conjurations
  3467 | D:7      | Offered knowledge of Searing Ray by Vehumet.
  3467 | D:7      | Reached skill level 11 in Conjurations
  3468 | D:7      | #2
  3502 | D:7      | Found a radiant altar of Vehumet.
  3579 | D:7      | Reached skill level 10 in Fire Magic
  3587 | D:7      | Reached XP level 10. HP: 17/50 MP: 6/24
  3852 | D:8      | Offered knowledge of Dazzling Spray by Vehumet.
  3857 | D:8      | #3
  3913 | D:8      | Found a snail-covered altar of Cheibriados.
  4038 | D:9      | Acquired Vehumet's second power
  4143 | D:9      | Reached skill level 12 in Conjurations
  4241 | D:9      | Reached skill level 1 in Fighting
  4342 | D:9      | :(
  4383 | D:9      | Noticed bronies4ever's ghost (powerful FoHu)
  4404 | D:9      | Killed bronies4ever's ghost
  4475 | D:9      | Offered knowledge of Iskenderun's Mystic Blast by Vehumet.
  4479 | D:9      | #4
  4525 | D:10     | Entered Level 10 of the Dungeon
  4638 | D:10     | Noticed Sonja
  4639 | D:10     | Noticed an octopode
  4642 | D:10     | Killed Sonja
  4645 | D:10     | Killed an octopode
  4651 | D:10     | Reached XP level 11. HP: 23/58 MP: 7/27
  4663 | D:10     | Noticed an octopode
  4667 | D:10     | Reached skill level 13 in Conjurations
  4670 | D:10     | Killed an octopode
  4675 | D:10     | Found a staircase to the Orcish Mines.
  4865 | D:10     | Noticed an octopode
  4881 | D:10     | Killed an octopode
  5027 | D:11     | Acquired Vehumet's third power
  5158 | D:12     | Offered knowledge of Olgreb's Toxic Radiance by Vehumet.
  5160 | D:12     | #5
  5219 | D:11     | Shot with an arrow by a centaur

Action                   |  1- 3 |  4- 6 |  7- 9 | 10-12 || total
-------------------------+-------+-------+-------+-------++-------
Melee: Spear             |    19 |    15 |       |       ||    34
       Unarmed           |       |       |     5 |       ||     5
       Whip              |       |       |    42 |    57 ||    99
 Fire: Blowgun           |       |     9 |    13 |     8 ||    30
 Cast: Flame Tongue      |    40 |    34 |    83 |    41 ||   198
       Conjure Flame     |     1 |     5 |    14 |    20 ||    40
       Sticky Flame      |       |     6 |    22 |    22 ||    50
       Fireball          |       |       |    14 |    28 ||    42
 Abil: Fly               |       |     1 |     8 |     2 ||    11
Evoke: Wand              |       |       |     3 |    27 ||    30
  Use: Scroll            |       |     7 |     4 |     2 ||    13
       Potion            |       |     3 |     1 |       ||     4
